 Dungeon Crawl Stone Soup version 0.22-a0-402-ga933591 (webtiles) character file.

177 Borgoz the Skirmisher (level 5, -3/33 HPs)
             Began as a Gargoyle Abyssal Knight on May 6, 2018.
             Was a Believer of Lugonu.
             Killed by divine providence
             ... invoked by an orc priest
              (12 damage)
             ... on level 4 of the Dungeon.
             The game lasted 00:03:09 (2423 turns).

Borgoz the Skirmisher (Gargoyle Abyssal Knight)     Turns: 2423, Time: 00:03:11

Health: -3/33      AC:  7    Str: 15    XL:     5   Next: 57%
Magic:  7/7        EV: 11    Int: 13    God:    Lugonu [**....]
Gold:   180        SH:  0    Dex: 10    Spells: 1/4 levels left

rFire    . . .     SeeInvis .   r - +0 dagger (drain)
rCold    . . .     Gourm    .   (no shield)
rNeg     + . .     Faith    .   b - +0 leather armour
rPois    ∞         Spirit   .   (no helmet)
rElec    +         Reflect  .   (no cloak)
rCorr    .         Harm     .   (no gloves)
MR       +....                  (no boots)
Stlth    +.........             (no amulet)
HPRegen  0.11/turn              p - ring of protection from magic
MPRegen  0.10/turn              (no ring)

@: no status effects
A: negative energy resistance 1, electricity resistance, unbreathing,
petrification resistance, rot immunity, AC +4
a: Depart the Abyss, Bend Space, Renounce Religion


You were on level 4 of the Dungeon.
You worshipped Lugonu.
Lugonu was pleased with you.
You were hungry.

You visited 2 branches of the dungeon, and saw 5 of its levels.
You visited the Abyss 1 time.

You collected 180 gold pieces.

Inventory:

Hand Weapons
 r - a +0 dagger of draining (weapon)
Armour
 b - a +0 leather armour (worn)
Jewellery
 p - a ring of protection from magic (left hand)
Scrolls
 e - a scroll of amnesia {unknown}
 i - 3 scrolls of blinking {unknown}
 j - a scroll of immolation {unknown}
 l - 5 scrolls of remove curse {unknown}
 m - 6 scrolls of teleportation {unknown}
 n - 3 scrolls of identify {unknown}
 o - a scroll of enchant weapon {unknown}
 t - a scroll of fear {unknown}
Potions
 a - a potion of mutation {unknown}
 d - 5 potions of degeneration {unknown}
 f - 2 potions of heal wounds {unknown}
 g - a potion of magic {unknown}
 h - 2 potions of resistance {unknown}
 k - a potion of flight {unknown}
 q - 2 potions of agility
 s - 2 potions of curing {unknown}
Comestibles
 c - 8 rations


   Skills:
 + Level 3.9 Fighting
 * Level 3.2 Short Blades
 + Level 3.1 Armour
 + Level 1.6 Dodging
 + Level 1.4 Stealth
 + Level 3.0 Invocations


You had one spell level left.
You knew the following spells:

 Your Spells              Type           Power        Failure   Level  Hunger
a - Confuse               Hex            #.......     75%         3    ####...


Dungeon Overview and Level Annotations

Branches:
Dungeon (4/15)             Temple (1/1) D:4

Altars:
Ashenzari
Cheibriados
Dithmenos
Elyvilon
Fedhas
Hepliaklqana
Kikubaaqudgha
Makhleb
Nemelex Xobeh
Qazlal
Ru
Sif Muna
Trog
Uskayaw
Wu Jian
Xom
Yredelemnul
The Shining One


Innate Abilities, Weirdness & Mutations

You are resistant to torment.
Your stone body is resilient. (AC +4)
You are immune to poison.
You resist negative energy. (rN+)
You are resistant to electric shocks. (rElec)
You can survive without breathing.
You are immune to petrification.
You are immune to rotting.


Message History

You hit the orc priest. You drain the orc priest!
The orc priest is almost dead.
You hit the orc priest but do no damage.
The orc priest is almost dead.
The orc priest closely misses you.
You hit the orc priest but do no damage.
The orc priest is almost dead.
The orc priest hits you but does no damage.
You barely miss the orc priest.
The orc priest is almost dead.
The orc priest hits you with a dagger.
* * * LOW HITPOINT WARNING * * *
You hit the orc priest.
The orc priest is almost dead.
The orc priest closely misses you.
You hit the orc priest but do no damage.
The orc priest is almost dead.
The orc priest invokes the aid of Beogh against you.
Beogh smites you!
You die...

###..##...##..........#
.....#....##...###...##
.....#....#############
.....#....).....#.....#
.....##...##....#.....#
.#...###+###....#.....#
#######.........#.....#
# #..........#.....# #
#..........@o....# #
#..........#....## #
#....##..^.##...# #
#....##....##...# #
####...##..........#
####.##...##..........#
.##...................#
.##.......##...########
.##.......######


You could see an orc priest.

Vanquished Creatures
  Jessica (D:2)
  2 worker ants (D:4)
  5 adders
  A worm (D:3)
  2 dart slugs
  3 leopard geckos
  3 orcs
  7 bats
  A giant cockroach (D:2)
  4 goblins (D:2)
  5 hobgoblins
  4 jackals (D:2)
  A quokka (D:2)
  A ball python (D:3)
  3 frilled lizards
  4 kobolds (D:3)
  4 rats
51 creatures vanquished.

Vanquished Creatures (others)
  4 toadstools (D:1)
4 creatures vanquished.

Grand Total: 55 creatures vanquished

Notes
Turn   | Place    | Note
-------+----------+-------------------------------------------
     0 | Abyss:1  | Borgoz the Gargoyle Abyssal Knight began the quest for the Orb.
     0 | Abyss:1  | Reached XP level 1. HP: 14/14 MP: 2/2
     7 | Abyss:1  | Noticed an earth elemental
     8 | D:1      | Escaped the Abyss
    81 | D:1      | Reached * piety under Lugonu
   247 | D:1      | Reached skill level 1 in Dodging
   247 | D:1      | Reached XP level 2. HP: 18/19 MP: 3/3
   753 | D:2      | Noticed Jessica
   777 | D:2      | Killed Jessica
   777 | D:2      | Reached XP level 3. HP: 21/23 MP: 4/4
   825 | D:2      | Found a basalt altar of Yredelemnul.
   930 | D:2      | Reached XP level 4. HP: 28/28 MP: 5/5
   972 | D:2      | Found a stormy altar of Qazlal.
  1316 | D:3      | Reached ** piety under Lugonu
  1351 | D:3      | Reached skill level 1 in Stealth
  1653 | D:3      | Reached XP level 5. HP: 33/33 MP: 7/7
  1960 | D:4      | Learned a level 3 spell: Confuse
  2101 | D:4      | Found a staircase to the Ecumenical Temple.
  2149 | Temple   | Entered the Ecumenical Temple
  2423 | D:4      | Killed from afar by an orc priest

Vault maps used:
D:1:      ldierk_water_garden
D:2:      nicolae_overflow_crystal_walls, nicolae_qazlal_eye_of_the_storm,
          kennysheep_generic_room_3, uniq_jessica
D:4:      temple_pool_b, first_ration
Temple:   nicolae_temple_x_marks_the_god

Skill      XL: |  1  2  3  4  5 |
---------------+----------------+-----
Short Blades   | 2 3 |  3.2
Dodging        | 1 |  1.6
Stealth        | 1 |  1.4
Armour         | 3 |  3.1
Invocations    | 3 |  3.0
Fighting       | |  3.9

Action                   |  1- 3 |  4- 6 || total
-------------------------+-------+-------++-------
Melee: Short sword       |    84 |       ||    84
       Dagger            |    16 |   123 ||   139
Invok: Depart the Abyss  |     1 |       ||     1
 Stab: Sleeping          |       |     1 ||     1
  Eat: Chunk             |       |     4 ||     4
Armor: Leather armour    |    49 |    36 ||    85
Dodge: Dodged            |    53 |    63 ||   116

Table legend:
 A = Spawn XP
 B = Non-spawn XP
 C = Spawn XP percentage of total XP
 D = Spawn monster count
 E = Non-spawn monster count
 F = Spawn count percentage of total count
 G = Total turns spent on level
                    A         B        C        D         E        F      G
               +---------+---------+-------+---------+---------+-------+---------
         Total |       0 |     254 |   0.0 |       0 |      51 |   0.0 |  2423
               +---------+---------+-------+---------+---------+-------+---------
           D:1 |       0 |      15 |   0.0 |       0 |       9 |   0.0 |   675
           D:2 |       0 |      73 |   0.0 |       0 |      20 |   0.0 |   480
           D:3 |       0 |      82 |   0.0 |       0 |      17 |   0.0 |   761
           D:4 |       0 |      84 |   0.0 |       0 |       5 |   0.0 |   440
               +---------+---------+-------+---------+---------+-------+---------
